 Dungeon Crawl Stone Soup version 0.26-a0-639-g72c4674329 (webtiles) character file.

Game seed: 17137820558361461910

1318 night the Frost Mage (level 8, -1/57 HPs)
             Began as a White Draconian Ice Elementalist on Sept 27, 2020.
             Was a Follower of Vehumet.
             Succumbed to Duvessa's poison
             ... on level 5 of the Dungeon.
             The game lasted 00:17:12 (6407 turns).

night the Frost Mage (DrIE)                         Turns: 6407, Time: 00:17:13

Health: -1/57      AC: 16    Str: 12    XL:     8   Next: 33%
Magic:  14/18      EV: 12    Int: 15    God:    Vehumet [*.....]
Gold:   220        SH:  0    Dex: 11    Spells: 9/20 levels left

rFire    . . .     SeeInvis .   m - +2 whip (distort)
rCold    + . .     Faith    .   (no shield)
rNeg     . . .     Spirit   .   (armour unavailable)
rPois    .         Reflect  .   (helmet restricted)
rElec    .         Harm     .   (no cloak)
rCorr    .         Rampage  .   l - +1 pair of gloves
MR       .....     Clarity  +   (no boots)
Stlth    +.........             (no amulet)
HPRegen  0.19/turn              b - +4 ring of protection
MPRegen  0.16/turn              g - +4 ring of protection

@: lethally poisoned (-1 -> -40), frozen ramparts, glowing
A: breathe frost, unfitting armour, talons 1, clarity, cold resistance 1, dopey
1, cold-blooded, AC +6
a: Breathe Frost, Renounce Religion


You were on level 5 of the Dungeon.
You worshipped Vehumet.
Vehumet was aware of your devotion.
You visited 2 branches of the dungeon, and saw 7 of its levels.
You also visited: Sewer.

You collected 220 gold pieces.

Inventory:

Hand Weapons
 e - a +0 dagger
 f - a +0 spear
 m - a +2 whip of distortion (weapon)
Missiles
 n - 51 bolts
 o - 74 stones (quivered)
 p - 66 sling bullets
 t - 29 arrows
 u - 2 boomerangs
Armour
 l - a +1 pair of gloves (worn)
Jewellery
 b - a +4 ring of protection (left hand)
 g - a +4 ring of protection (right hand)
 r - a +6 ring of intelligence
 v - a +4 ring of slaying {unknown}
Wands
 j - a wand of digging (9)
 s - a wand of flame (5)
Scrolls
 a - a scroll of blinking
 c - 7 scrolls of teleportation
 d - a scroll of remove curse
 h - 3 scrolls of identify
Potions
 i - a potion of mutation
 k - 4 potions of might
 q - 5 potions of flight


   Skills:
 - Level 1.7 Dodging
 - Level 1.7 Stealth
 + Level 6.8 Spellcasting
 + Level 9.9 Ice Magic


You had 9 spell levels left.
You knew the following spells:

 Your Spells              Type           Power        Failure   Level
a - Freeze                Ice            ####         1%          1
b - Frozen Ramparts       Ice            ####..       1%          3
c - Ozocubu's Armour      Ice            ####....     1%          3
d - Summon Ice Beast      Ice/Summ       ###.....     17%         4

Your spell library contained the following spells:

 Spells                   Type           Power        Failure   Level
 Foxfire                  Conj/Fire      #...         14%         1
 Hailstorm                Conj/Ice       ###.....     17%         4
 Confusing Touch          Hex            #.......     38%         3
 Gell's Gravitas          Tloc           #.........   38%         3
 Metabolic Englaciation   Hex/Ice        ###.......   43%         5
 Petrify                  Tmut/Erth      #.......     80%         4
 Yara's Violent Unravell  Hex/Tmut       #.........   98%         5


Dungeon Overview and Level Annotations

Branches:
Dungeon (6/15)             Temple (1/1) D:4           Sewer (visited)

Altars:
Ashenzari
Cheibriados
Dithmenos
Elyvilon
Fedhas
Gozag
Hepliaklqana
Kikubaaqudgha
Makhleb
Nemelex Xobeh
Okawaru
Qazlal
Ru
Sif Muna
Trog
Uskayaw
Vehumet
Wu Jian
Xom
Yredelemnul
Zin
The Shining One

Annotations:
D:5 3 runed translucent doors, Duvessa; PanSaczeczos's ghost, novice MiMo; PanSaczeczos's ghost, weakling MfDe; PrinceRibbit's ghost, novice HOAK
Abyss:1 Edmund


Innate Abilities, Weirdness & Mutations

You can breathe waves of freezing cold.
You can buffet flying creatures when you breathe cold.
Your icy white scales are hard. (AC +6)
You cannot fit into any form of body armour.
Your flesh is cold resistant. (rC+)
You are cold-blooded and may be slowed by cold attacks.
You have sharp toenails.
You possess an exceptional clarity of mind.
You are dopey. (Int -2)


Message History

The frozen ramparts melt away.
You climb upwards.
Level annotation: 3 runed translucent doors, PanSaczeczos's ghost, novice MiMo; PanSaczeczos's ghost, weakling MfDe; PrinceRibbit's ghost, novice HOAK
* * * LOW HITPOINT WARNING * * *
You feel very sick.
There is a stone staircase leading down here.
Press: ? - help, Dir - move target cursor
As you read the scroll of blinking, it crumbles to dust.
* * * LOW HITPOINT WARNING * * *
You feel very sick.
It was a potion of mutation.
You feel extremely strange.
Your toenails lengthen and sharpen.
You feel stupid.
Your thoughts seem clearer.
* * * LOW HITPOINT WARNING * * *
You feel very sick.
Okay, then.
Okay, then.
Casting: Frozen Ramparts (safe; 1% risk of failure)
Confirm with . or Enter, or press ? or * to list all spells.
The walls around you are covered in ice.
You die...

###$....W+..####...#.##.##.####.#
.....W#.................# #.#
#8...$#.######>##.#.....####.#
###?.⌠.### #.##.##.#.......#
#.##### #e##.......###### #.#
#.#####.#### # #.# #h#
#.######### ##.# ########.#
#...)...... #..# #......@.#
########### #.## #.######## #.#
#.# ### #.# #.# #.. #.# #.# ###.#
#.# #.# #...# #.# #.# #....
#.#######.##################..##
#...............................


You could see Duvessa (berserk, fast) and a jackal.

Vanquished Creatures
  An ogre (D:4)
  A bullfrog (D:6)
  Dowan (D:6)
  2 wights (D:4)
  A howler monkey (D:5)
  2 hounds
  An orc priest (D:5)
  4 orc wizards
  A bullfrog skeleton (D:5)
  3 iguanas
  A merfolk siren (Sewer)
  3 worker ants
  Terence (D:2)
  A merfolk avatar (Sewer)
  12 adders
  4 gnolls (D:2)
  3 river rats (Sewer)
  A shadow imp (D:5)
  A white imp (D:5)
  An adder zombie (D:5)
  2 worms
  2 dart slugs
  9 leopard geckos
  16 orcs
  7 giant cockroaches
  11 goblins
  7 hobgoblins
  A jackal (D:6)
  2 quokkas
  5 ball pythons
  10 bats
  8 frilled lizards
  A jackal skeleton (D:5)
  4 kobolds
  29 rats
159 creatures vanquished.

Vanquished Creatures (others)
  3 withered plants (D:5)
3 creatures vanquished.

Grand Total: 162 creatures vanquished

Notes
Turn   | Place    | Note
-------+----------+-------------------------------------------
     0 | D:1      | night the Draconian Ice Elementalist began the quest for
                  | the Orb.
     0 | D:1      | Reached XP level 1. HP: 14/14 MP: 3/3
   259 | D:1      | Reached XP level 2. HP: 17/20 MP: 0/5
  1187 | D:2      | Reached XP level 3. HP: 14/26 MP: 2/7
  1301 | D:2      | Learned a level 3 spell: Frozen Ramparts
  1637 | D:2      | Reached XP level 4. HP: 33/33 MP: 4/8
  1669 | D:2      | Noticed Terence
  1682 | D:2      | Killed Terence
  1682 | D:2      | Reached skill level 5 in Ice Magic
  2080 | D:2      | Found a sparkling altar of Nemelex Xobeh.
  2269 | D:2      | Reached XP level 5. HP: 38/38 MP: 4/10
  2761 | D:3      | Found a glowing drain.
  2774 | Sewer    | Entered a sewer
  3192 | Sewer    | Reached XP level 6. HP: 42/45 MP: 7/12
  3374 | Sewer    | Reached skill level 6 in Ice Magic
  3572 | Sewer    | Learned a level 3 spell: Ozocubu's Armour
  3577 | Sewer    | Learned a level 4 spell: Summon Ice Beast
  4597 | D:4      | Noticed Edmund
  4616 | D:3      | Banished Edmund
  4616 | D:3      | Reached skill level 5 in Spellcasting
  4616 | D:3      | Your scales start taking on an icy white colour.
  4616 | D:3      | Reached skill level 8 in Ice Magic
  4616 | D:3      | Reached XP level 7. HP: 37/50 MP: 11/14
  4616 | D:3      | Gained mutation: Your flesh is cold resistant. (rC+) [White
                  | Draconian growth]
  4784 | D:4      | Found a staircase to the Ecumenical Temple.
  4827 | Temple   | Entered the Ecumenical Temple
  4918 | Temple   | Became a worshipper of Vehumet
  5304 | D:4      | Reached skill level 9 in Ice Magic
  5491 | D:5      | Entered Level 5 of the Dungeon
  5767 | D:5      | Reached XP level 8. HP: 47/57 MP: 13/17
  5955 | D:5      | Found a blossoming altar of Fedhas.
  5976 | D:5      | Reached * piety under Vehumet
  5976 | D:5      | Offered knowledge of Foxfire by Vehumet.
  6170 | D:5      | Found a runed translucent gate.
  6170 | D:5      | Found a runed translucent gate.
  6170 | D:5      | Found a runed translucent gate.
  6171 | D:5      | Noticed PanSaczeczos's ghost (weakling MfDe)
  6173 | D:5      | Noticed PrinceRibbit's ghost (novice HOAK)
  6173 | D:5      | Noticed PanSaczeczos's ghost (novice MiMo)
  6346 | D:6      | Noticed Dowan
  6348 | D:6      | Noticed Duvessa
  6393 | D:6      | Killed Dowan
  6405 | D:5      | HP: 6/57 [poisoned by Duvessa]
  6406 | D:5      | Gained mutation: You have sharp toenails. [potion of
                  | mutation]
  6406 | D:5      | Gained mutation: You are dopey. (Int -2) [potion of
                  | mutation]
  6406 | D:5      | Gained mutation: You possess an exceptional clarity of
                  | mind. [potion of mutation]
  6406 | D:5      | HP: 2/57 [poisoned by Duvessa]
  6407 | D:5      | Succumbed to Duvessa's poison

Illustrated notes

Levels and vault maps discovered:
D:1:      minmay_arrival_arboretum_large, layout_loops_ring,
          chequers_serial_rivers_large_a
D:2:      layout_loops_ring, nemelex_xobeh_ov_fountains_minmay, uniq_terence
D:3:      layout_basic, portal_sewer_entry_b
D:4:      layout_rooms, temple_doors_e, uniq_edmund
D:5:      layout_loops_ring, lemuel_crystal_altar, gammafunk_ghost_cemetery
D:6:      layout_gridville, biasface_ghost_orc_armoury, uniq_maggie,
          uniq_duvessa
Temple:   grunt_wide_crystal_templ

Skill      XL: |  1  2  3  4  5  6  7 |
---------------+----------------------+-----
Spellcasting   | 3 4 5 6 |  6.8
Ice Magic      | 5 8 9 |  9.9
Dodging        | |  1.7
Stealth        | |  1.7

Action                   |  1- 3 |  4- 6 |  7- 9 || total
-------------------------+-------+-------+-------++-------
Melee: Spear             |    17 |     5 |       ||    22
       Tailslap          |     1 |     5 |     8 ||    14
       Whip              |       |    47 |    67 ||   114
Throw: Stone             |       |     2 |     4 ||     6
 Cast: Freeze            |    30 |     4 |       ||    34
       Frozen Ramparts   |     5 |    53 |    18 ||    76
       Summon Ice Beast  |       |       |     2 ||     2
       Ozocubu's Armour  |       |       |     2 ||     2
Evoke: Wand              |       |       |     6 ||     6
  Use: Scroll            |       |     7 |     1 ||     8
       Potion            |       |       |     1 ||     1
 Stab: Sleeping          |     2 |       |     2 ||     4
Armor: Skin              |    12 |    41 |    31 ||    84
Dodge: Dodged            |    26 |    70 |    37 ||   133

Table legend: (Time is in decaauts)
 A = Elapsed time spent in this place.
 B = Non-inter-level travel time spent in this place.
 C = Inter-level travel time spent in this place.
 D = Time resting spent in this place.
 E = Time spent auto-exploring this place.
 F = Levels seen in this place.
 G = Mean time per level.
                   A        B        C        D        E       F      G
               +--------+--------+--------+--------+--------+-----+--------+
         Total |   6502 |   6251 |    251 |    998 |   3974 |   8 |  812.8 |
       Dungeon |   5471 |   5248 |    223 |    960 |   3337 |   6 |  911.8 |
        Temple |    100 |     72 |     28 |      0 |     71 |   1 |  100.0 |
         Sewer |    929 |    929 |      0 |     38 |    565 |   1 |  929.0 |
               +--------+--------+--------+--------+--------+-----+--------+

Top non-repeatable levels by time:
     D:2: 1349 daAuts
     D:1: 1338 daAuts
     D:3: 1160 daAuts
   Sewer: 929 daAuts
     D:5: 834 daAuts
     D:4: 702 daAuts
  Temple: 100 daAuts
     D:6: 86 daAuts
